 Dungeon Crawl Stone Soup version 0.16.1-14-g82efdee (webtiles) character file.

221 karlm the Conjurer (level 5, -3/42 HPs)
             Began as a Naga Wizard on Apr 11, 2015.
             Slain by Prince Ribbit (11 damage)
             ... on level 4 of the Dungeon.
             The game lasted 00:08:40 (2822 turns).

karlm the Conjurer (Naga Wizard)                    Turns: 2822, Time: 00:08:41

Health: -3/42      AC:  3    Str: 10    XL:     5   Next: 98%
Magic:  11/11      EV: 10    Int: 19    God:
Gold:   109        SH:  0    Dex: 13    Spells: 4 memorised, 1 level left

rFire  . . .     SeeInvis +     o - +2 spear (venom)
rCold  . . .     Clarity  .     a - +0 robe
rNeg   . . .     SustAb   .     (no shield)
rPois  +         Gourm    .     h - +0 helmet
rElec  .         Spirit   .     g - -1 cloak (curse)
rCorr  .         Warding  .     (no gloves)
rMut   .         Stasis   .     (no barding)
MR     .....                    (no amulet)
Stlth  ++........               (no ring)
                                t - +4 ring of dexterity

@: short of breath, very slow, not resistant to hostile enchantments, unstealthy
A: spit poison, see invisible, deformed body, poison resistance, slowness 2, AC
+1
a: Spit Poison


You were on level 4 of the Dungeon.
You were not hungry.

You visited 1 branch of the dungeon, and saw 4 of its levels.

You collected 109 gold pieces.

Inventory:

Hand weapons
 o - a +2 spear of venom (weapon)
Missiles
 e - 135 stones (quivered)
 u - 5 curare-tipped needles
 v - 5 javelins
 y - 19 poisoned needles
Armour
 a - a +0 robe (worn)
 g - a cursed -1 cloak (worn)
 h - a +0 helmet (worn)
 k - a +0 shield
Jewellery
 t - a +4 ring of dexterity (left hand)
Magical devices
 n - a wand of invisibility (6)
Scrolls
 b - 3 scrolls of fog {unknown}
 i - a scroll of teleportation {unknown}
 j - 4 scrolls of identify {unknown}
 l - 2 scrolls of blinking {unknown}
 p - a scroll of random uselessness {unknown}
Potions
 f - a potion of agility {unknown}
 m - a potion of curing {unknown}
 q - a potion of poison {unknown}
 r - a potion of heal wounds
 s - a potion of magic {unknown}
 A - a potion of mutation {unknown}
Books
 c - a book of Minor Magic

   Spells                             Type                      Level
   a - Magic Dart                     Conjuration                  1
   b - Blink                          Translocation                2
   c - Call Imp                       Summoning                    2
   d - Repel Missiles                 Charms/Air                   2
   e - Slow                           Hexes                        2
   f - Conjure Flame                  Conjuration/Fire             3
   g - Mephitic Cloud                 Conjuration/Poison/Air       3
Comestibles
 d - 2 bread rations
 w - a chunk of flesh
 x - a meat ration
 z - 2 poisonous chunks of flesh


   Skills:
 - Level 1.5 Dodging
 - Level 3.0 Stealth
 - Level 3.0 Spellcasting
 + Level 4.1 Conjurations
   Level 1.0 Summonings
 - Level 1.0 Translocations
 * Level 3.6 Fire Magic


You had one spell level left.
You knew the following spells:

 Your Spells              Type           Power        Failure   Level  Hunger
a - Magic Dart            Conj           ###.         3%          1    None
b - Conjure Flame         Conj/Fire      ###.....     12%         3    ###....
c - Mephitic Cloud        Conj/Pois/Air  #.......     28%         3    ###....
d - Blink                 Tloc           N/A          17%         2    ##.....


Dungeon Overview and Level Annotations

Branches:
Dungeon (4/15)
 Temple: D:4-7

Altars:

Annotations:
D:4 Prince Ribbit


Innate Abilities, Weirdness & Mutations

You cannot wear boots.
You can spit poison.
Your serpentine skin is tough (AC +1).
You have supernaturally acute eyesight.
Armour fits poorly on your strangely shaped body.
Your system is resistant to poisons.
You cover ground very slowly.


Message History

Prince Ribbit blinks!
Prince Ribbit hits you!
You closely miss Prince Ribbit. Prince Ribbit hits you!
The goblin shouts!
You hit Prince Ribbit.
Prince Ribbit is poisoned.
Prince Ribbit is lightly wounded.
Prince Ribbit barely misses you. Prince Ribbit hits you!
* * * LOW HITPOINT WARNING * * *
You puncture Prince Ribbit!
Prince Ribbit looks even sicker.
Prince Ribbit is moderately wounded.
Prince Ribbit closely misses you.
Use which ability? (? or * to list)
Press: ? - help, Shift-Dir - straight line, f - Prince Ribbit
Aim: Prince Ribbit (heavily wounded, poisoned)
The splash of poison hits Prince Ribbit.
Prince Ribbit is severely wounded.
You feel slightly more hungry.
Prince Ribbit casts a spell.
Prince Ribbit looks slightly unstable.
Prince Ribbit hits you!
You die...

# . #.
######.######
............##
#####........#
####........####.##
.......F@.g........
[...#......#######.
#######.### #....#
#...## ##...##
#.....# ##....##
##..)..#


You could see Prince Ribbit and a goblin.

Vanquished Creatures
  A giant frog (D:3)
  5 gnolls
  An adder (D:3)
  4 worms
  2 giant geckos (D:1)
  An orc (D:3)
  14 goblins
  8 hobgoblins
  2 jackals (D:3)
  A quokka (D:4)
  7 bats
  3 giant cockroaches
  7 giant newts
  9 kobolds
  11 rats
76 creatures vanquished.

Vanquished Creatures (others)
  A bat (D:3)
1 creature vanquished.

Grand Total: 77 creatures vanquished

Notes
Turn   | Place    | Note
--------------------------------------------------------------
     0 | D:1      | karlm, the Naga Wizard, began the quest for the Orb.
     0 | D:1      | Reached XP level 1. HP: 15/15 MP: 4/4
    80 | D:1      | Reached XP level 2. HP: 22/22 MP: 1/6
   553 | D:1      | Reached XP level 3. HP: 28/28 MP: 5/7
   558 | D:1      | Learned a level 3 spell: Conjure Flame
   562 | D:1      | Learned a level 3 spell: Mephitic Cloud
   909 | D:2      | Reached skill level 1 in Fire Magic
  1114 | D:2      | Reached XP level 4. HP: 16/36 MP: 0/9
  2089 | D:3      | Reached XP level 5. HP: 42/42 MP: 11/11
  2099 | D:3      | Learned a level 2 spell: Blink
  2179 | D:3      | Noticed a giant frog
  2196 | D:3      | Killed a giant frog
  2196 | D:3      | Reached skill level 4 in Conjurations
  2810 | D:4      | Noticed Prince Ribbit
  2822 | D:4      | Slain by Prince Ribbit

Action                   |  1- 3 |  4- 6 || total
-------------------------+-------+-------++-------
Melee: Unarmed           |     2 |       ||     2
       Club              |     1 |       ||     1
       Spear             |     5 |    75 ||    80
 Cast: Magic Dart        |    65 |    28 ||    93
       Conjure Flame     |     1 |     2 ||     3
 Abil: Spit Poison       |    18 |    10 ||    28
  Use: Potion            |     1 |     1 ||     2
 Stab: Sleeping          |       |     3 ||     3
       Distracted        |       |     1 ||     1
  Eat: Chunk             |     1 |     7 ||     8
